 Dungeon Crawl Stone Soup version 0.32-a0-699-g1ee5eff69a (webtiles) character file.

Game seed: 15054818694890070907

92 arcshroob the Changeling (level 4, -1/42 HPs)
             Began as a Troll Shapeshifter on Mar 13, 2024.
             Slain by Jessica
             ... wielding a +2 dagger of pain
              (3 damage)
             ... on level 2 of the Dungeon.
             The game lasted 00:03:34 (1413 turns).

arcshroob the Changeling (Troll Shapeshifter)       Turns: 1413, Time: 00:03:36

Health: -1/42      AC:  4    Str: 22    XL:     4   Next: 35%
Magic:  3/3        EV:  9    Int:  6    God:
Gold:   134        SH:  0    Dex: 11    Spells: 3/3 levels left

rFire   . .          .
                       - Unarmed
rCold   . . .        (no shield)
rNeg    . . .        a - +0 animal skin
rPois   .            (helmet currently unavailable)
rElec   .            (cloak currently unavailable)
rCorr   .            (gloves unavailable)
SInv    .            (boots unavailable)
Will    .....        (no amulet)
Stlth   +            (no ring)
HPRegen 1.07/turn    (no ring)
MPRegen 0.08/turn

%: no passive effects
@: beast-form
A: beast (slay +2), large, unfitting armour, claws 3, regeneration 1, shaggy fur
1, tough skin 1
a: Begin Untransformation


You were on level 2 of the Dungeon.
You were a hulking beast.
You visited 1 branch of the dungeon, and saw 2 of its levels.

You collected 134 gold pieces.

Inventory:

Missiles
 i - 4 atropa-tipped darts (quivered)
 k - 2 throwing nets
Armour
 a - a +0 animal skin (worn)
Jewellery
 f - a ring of wizardry
Talismans
 c - a beast talisman (active)
 d - a flux talisman
Scrolls
 e - 6 scrolls of identify {unknown}
 h - a scroll of revelation {unknown}
 m - 2 scrolls of vulnerability {unknown}
Potions
 b - a potion of lignification
 g - 2 potions of might {unknown}
 j - a potion of resistance {unknown}
 l - 2 potions of haste {unknown}


   Skills:
 - Level 2.0 Fighting
 - Level 2.1 Dodging
 - Level 0.2 Stealth
 - Level 3.0 Unarmed Combat
 + Level 4.0 Shapeshifting


You had 3 spell levels left.
You didn't know any spells.
Your spell library contained the following spells:

 Spells                   Type           Power      Damage    Failure   Level
 Magic Dart               Conj           0%         1d3       45%         1
 Blink                    Tloc           0%         N/A       58%         2
 Call Imp                 Summ           0%         N/A       58%         2
 Lesser Beckoning         Tloc           0%         N/A       58%         2
 Gell's Gravitas          Tloc           0%         N/A       83%         3
 Teleport Other           Tloc           0%         N/A       83%         3


Dungeon Overview and Level Annotations

Branches:
Dungeon (2/15)

Altars:

Annotations:
D:2 1 runed translucent door, Crazy Yiuf, Jessica


Innate Abilities, Weirdness & Mutations

You are a hulking beast.
Your limbs bulge with bestial killing power. (Slay +2)
You are too large for most types of armour.
You have claws for hands.
Your natural rate of healing is unusually fast.
You are covered in fur. (AC +1)
You have tough skin. (AC +1)


Message History

Jessica blinks!
Jessica casts a spell at you. Pain shoots through your body!
Jessica hits you with a +2 dagger of pain!
You writhe in agony.
You scratch Jessica.
Jessica is moderately wounded.
Jessica hits you with a +2 dagger of pain.
* * * LOW HITPOINT WARNING * * *
You barely miss Jessica.
Jessica is moderately wounded.
Jessica gestures wildly while chanting.
Jessica blinks!
Jessica gestures wildly while chanting.
Jessica blinks!
Jessica looks very angry.
You barely miss Jessica.
Jessica is moderately wounded.
Jessica hits you with a +2 dagger of pain. x2
* * * LOW HITPOINT WARNING * * *
You writhe in agony.
* * * LOW HITPOINT WARNING * * *
You scratch Jessica.
Jessica is heavily wounded.
Jessica casts a spell.
Jessica blinks!
Jessica gestures wildly while chanting.
Jessica blinks!
You scratch Jessica.
Jessica is heavily wounded.
Jessica points at you and mumbles some strange words.
Pain shoots through your body!
* * * LOW HITPOINT WARNING * * *
You scratch Jessica but do no damage.
Jessica is heavily wounded.
Jessica casts a spell at you. Pain shoots through your body!
* * * LOW HITPOINT WARNING * * *
Jessica hits you with a +2 dagger of pain.
You die...

##.#
#.###.####.###.#.#
#..## #. ...# #.#
#.# #.##
##..###...###.
.### #.# #.# #.
#.........#.. .#
#.# #.# #.#
##..##........ .#
#.# #.#
#.###.#.##.....#.)
.# #.# #.#
#...##.###...###.
.######.# #.#
##.###.#########.
........#
#.######>#
#...........
#########
#....@h..#
############
##########


You could see Jessica (fast).

Vanquished Creatures
  4 gnolls (D:2)
  An adder (D:2)
  A ribbon worm (D:2)
  4 bats (D:2)
  6 endoplasms
  2 giant cockroaches (D:1)
  4 goblins
  4 hobgoblins
  3 jackals (D:1)
  3 kobolds
  A quokka (D:2)
  3 ball pythons
  A frilled lizard (D:1)
  3 rats
40 creatures vanquished.

Notes
Turn   | Place    | Note
-------+----------+-------------------------------------------
     0 | D:1      | arcshroob the Troll Shapeshifter began the quest for the
                  | Orb.
     0 | D:1      | Reached XP level 1. HP: 18/18 MP: 0/0
    67 | D:1      | Reached skill level 1 in Fighting
    85 | D:1      | Found a faded altar of an unknown god.
   172 | D:1      | Reached XP level 2. HP: 27/27 MP: 1/1
   734 | D:2      | Reached XP level 3. HP: 33/35 MP: 2/2
   821 | D:2      | Found a runed translucent door.
   822 | D:2      | Noticed Crazy Yiuf
   882 | D:2      | Reached XP level 4. HP: 42/42 MP: 3/3
  1279 | D:2      | Reached skill level 4 in Shapeshifting
  1391 | D:2      | Noticed Jessica
  1413 | D:2      | HP: 2/42 [Jessica/nerve-wracking pain (4)]
  1413 | D:2      | Slain by Jessica

Illustrated notes

Levels and vault maps discovered:
D:1:      ncdulo_watergridlock, layout_loops_ring, basic_ecumenical_altar,
          minmay_tetromino_t4
D:2:      layout_loops_ring, uniq_jessica, uniq_crazy_yiuf_cottage

Skill      XL: |  1  2  3  4 |
---------------+-------------+-----
Fighting       | 1 2 |  2.0
Dodging        | 2 |  2.1
Shapeshifting  | 4 |  4.0
Stealth        | |  0.2
Unarmed Combat | |  3.0

Action                     |  1- 3 |  4- 6 || total
---------------------------+-------+-------++-------
  Melee: Unarmed           |    67 |    32 ||    99
         Punch             |       |     1 ||     1
   Stab: Sleeping          |     2 |       ||     2
 Armour: Animal skin       |    33 |    21 ||    54
  Dodge: Dodged            |    23 |     9 ||    32

Table legend: (Time is in decaauts)
 A = Elapsed time spent in this place.
 B = Non-inter-level travel time spent in this place.
 C = Inter-level travel time spent in this place.
 D = Time resting spent in this place.
 E = Time spent auto-exploring this place.
 F = Levels seen in this place.
 G = Mean time per level.
                   A        B        C        D        E       F      G
               +--------+--------+--------+--------+--------+-----+--------+
         Total |   1406 |   1406 |      0 |      0 |    910 |   2 |  703.0 |
       Dungeon |   1406 |   1406 |      0 |      0 |    910 |   2 |  703.0 |
               +--------+--------+--------+--------+--------+-----+--------+

Top non-repeatable levels by time:
     D:1: 710 daAuts
     D:2: 695 daAuts
